 Dungeon Crawl Stone Soup version 0.30.0-10-gfe55d96785 (webtiles) character file.

Game seed: 16030671066895264399

193 PoweredByGinger the Chopper (level 5, -7/67 HPs)
             Began as a Minotaur Berserker on May 15, 2023.
             Was a Believer of Trog.
             Mangled by an ogre
             ... wielding a +0 giant club
              (23 damage)
             ... on level 5 of the Dungeon.
             The game lasted 00:02:00 (2206 turns).

PoweredByGinger the Chopper (Minotaur Berserker)    Turns: 2206, Time: 00:02:00

Health: -7/67      AC: 11    Str: 23    XL:     5   Next: 44%
Magic:  4/4        EV:  7    Int:  4    God:    Trog [**....]
Gold:   128        SH:  0    Dex: 10    Spells: 4/4 levels left

rFire   . . .        a - +0 hand axe
rCold   . . .        (no shield)
rNeg    . . .        d - +0 plate armour
rPois   .            (helmet restricted)
rElec   .            (no cloak)
rCorr   .            (no gloves)
SInv    .            (no boots)
Will    .....        (no amulet) Stlth
                     v - ring of flight
HPRegen 0.31/turn    (no ring)
MPRegen 0.09/turn

%: no passive effects
@: berserking, flying, very quick
A: horns 2, retaliatory headbutt
a: Renounce Religion, Berserk, Trog's Hand


You were on level 5 of the Dungeon.
You worshipped Trog.
Trog was pleased with you.
You visited 1 branch of the dungeon, and saw 4 of its levels.

You collected 128 gold pieces.

Inventory:

Hand Weapons
 a - a +0 hand axe (weapon)
Missiles
 h - 3 curare-tipped darts (quivered)
 m - 6 silver boomerangs
Armour
 b - a +0 animal skin
 d - a +0 plate armour (worn)
Jewellery
 t - a ring of ice
 v - a ring of flight (left hand)
Wands
 w - a wand of polymorph (2)
Scrolls
 e - a scroll of poison {unknown}
 f - 2 scrolls of teleportation {unknown}
 i - 6 scrolls of identify {unknown}
 j - 3 scrolls of vulnerability {unknown}
 p - a scroll of enchant weapon {unknown}
 s - a scroll of fear {unknown}
Potions
 c - 2 potions of curing {unknown}
 g - a potion of lignification {unknown}
 k - a potion of brilliance {unknown}
 l - a potion of flight {unknown}
 n - a potion of ambrosia {unknown}
 o - 2 potions of heal wounds {unknown}
 q - a potion of magic {unknown}
 r - a potion of attraction {unknown}
 u - a potion of haste {unknown}


   Skills:
 - Level 3.6 Fighting
 * Level 6.4 Axes
 - Level 2.4 Armour
 + Level 4.0 Dodging


You had 4 spell levels left.
You didn't know any spells.
Your spell library was empty.

Dungeon Overview and Level Annotations

Branches:
Dungeon (3/15)

Altars:


Innate Abilities, Weirdness & Mutations

You have a pair of horns on your head.
You reflexively headbutt those who attack you in melee.


Message History

You miss the hound.
The hound is severely wounded.
The hound bites you.
You hit the hound but do no damage. Your headbutt misses the hound.
The hound is severely wounded.
The hound bites you but does no damage. The hound closely misses you.
You closely miss the hound.
The hound is severely wounded.
The hound bites you but does no damage.
You hit the hound but do no damage.
The hound is severely wounded.
The hound completely misses you. The hound bites you but does no damage.
You hit the hound but do no damage.
The hound is severely wounded.
The hound barely misses you. You furiously retaliate!
You headbutt the hound!
You kill the hound!
Trog accepts your kill.
Your Dodging skill increases to level 4!
No target in view!
No target in view!
HP restored.
An ogre comes into view. It is wielding a +0 giant club.
The ogre moves out of view.
The ogre hits you with a +0 giant club!!
Ouch! That really hurt!
An ogre is nearby!
An ogre is nearby!
An ogre is nearby!
A red film seems to cover your vision as you go berserk!
You feel yourself moving faster!
You feel mighty! The ogre hits you with a +0 giant club!
* * * LOW HITPOINT WARNING * * *
You hit the ogre.
The ogre is moderately wounded.
You slash the ogre!
The ogre is severely wounded.
You slash the ogre!
The ogre is almost dead.
The ogre hits you with a +0 giant club!!
You die...

...................
#######.###########
♣♣♣.♣ ♣♣...♣
♣♣..♣♣♣ ♣♣♣♣ ♣..♣♣
♣♣... ♣♣.♣ ♣...♣
♣♣.♣♣ ♣♣♣...♣ ♣@♣♣
♣....♣♣ ♣.O♣
♣♣♣♣..♣ ..♣♣ ♣♣..
.♣♣♣ ♣♣♣..♣ ♣♣
♣♣♣♣....♣ ♣.....♣♣♣
♣....♣♣♣♣ ♣...♣♣♣
....♣♣


You could see an ogre.

Vanquished Creatures
  A hound (D:5)
  2 iguanas
  An orc wizard (D:5)
  2 adders
  A worm (D:3)
  3 dart slugs (D:1)
  5 orcs
  6 ball pythons
  7 bats
  6 endoplasms
  6 giant cockroaches
  3 goblins
  A hobgoblin (D:2)
  2 kobolds (D:3)
  4 quokkas
  3 frilled lizards
  3 rats
56 creatures vanquished.

Notes
Turn   | Place    | Note
-------+----------+-------------------------------------------
     0 | D:1      | PoweredByGinger the Minotaur Berserker began the quest for
                  | the Orb.
     0 | D:1      | Reached XP level 1. HP: 19/19 MP: 0/0
   101 | D:1      | Reached skill level 4 in Axes
   275 | D:1      | Reached XP level 2. HP: 26/26 MP: 1/1
   856 | D:2      | Reached XP level 3. HP: 31/31 MP: 2/2
  1351 | D:2      | Reached skill level 5 in Axes
  1377 | D:2      | Reached ** piety under Trog
  1879 | D:3      | Reached XP level 4. HP: 29/39 MP: 3/3
  2063 | D:3      | You fall into a shaft and drop 2 floors!
  2063 | D:5      | Entered Level 5 of the Dungeon
  2107 | D:5      | Reached skill level 6 in Axes
  2108 | D:5      | Reached XP level 5. HP: 45/45 MP: 4/4
  2201 | D:5      | Noticed an ogre
  2206 | D:5      | Mangled by an ogre

Illustrated notes

Levels and vault maps discovered:
D:1:      nzn_arrival_depleted_hourglass, layout_basic
D:2:      layout_loops_corners
D:3:      layout_basic, gammafunk_temple_overflow_claw, fedhas_altar_1,
          nicolae_overflow_ecumenical_swirl, minmay_joined_circles
D:5:      kb_forest_paths, layout_basic, trog_ov_bears_minmay

Skill      XL: |  1  2  3  4  5 |
---------------+----------------+-----
Axes           | 4 5 6 |  6.4
Dodging        | 3 4 |  4.0
Fighting       | |  3.6
Armour         | |  2.4

Action                     |  1- 3 |  4- 6 || total
---------------------------+-------+-------++-------
  Melee: Hand axe          |   113 |    29 ||   142
         Headbutt          |    16 |     4 ||    20
 Invoke: Berserk           |       |     3 ||     3
 Armour: Plate armour      |    65 |    12 ||    77
         Animal skin       |     3 |       ||     3
  Dodge: Dodged            |    61 |     7 ||    68
